 Dungeon Crawl Stone Soup version 0.28.0-43-g3370ac3207 (webtiles) character file.

Game seed: 1357186430183855405

92 issech the Cudgeller (level 4, -2/44 HPs)
             Began as a Troll Monk on Mar 26, 2022.
             Slain by a gnoll
             ... wielding a +0 spear
              (6 damage)
             ... on level 3 of the Dungeon.
             The game lasted 00:04:49 (2019 turns).

issech the Cudgeller (Troll Monk)                   Turns: 2019, Time: 00:04:49

Health: -2/44      AC:  4    Str: 19    XL:     4   Next: 35%
Magic:  12/12      EV:  9    Int:  6    God:
Gold:   62         SH:  9    Dex: 14    Spells: 3/3 levels left

rFire   . . .      SeeInvis .   a - +0 mace
rCold   . . .      Faith    .   j - +2 kite shield
rNeg    . . .      Spirit   .   b - +0 robe
rPois   .          Reflect  .   (helmet restricted)
rElec   .          Harm     .   (no cloak)
rCorr   .          Rampage  .   (gloves unavailable)
Will    .....                   (boots unavailable)
Stlth   ++........              (no amulet)
HPRegen 0.94/turn               k - ring of wizardry
MPRegen 0.13/turn               m - ring of magical power

@: no status effects
A: large, unfitting armour, claws 3, regeneration 1, shaggy fur 1, tough skin 1
a: no special abilities


You were on level 3 of the Dungeon.
You visited 1 branch of the dungeon, and saw 3 of its levels.

You collected 62 gold pieces.

Inventory:

Hand Weapons
 a - a +0 mace (weapon)
Missiles
 e - 48 arrows
 f - 28 stones (quivered)
 h - 3 poisoned darts
 o - 3 large rocks
Armour
 b - a +0 robe (worn)
 j - a +2 kite shield (worn)
Jewellery
 k - a ring of wizardry (left claw)
 m - a ring of magical power (right claw)
Scrolls
 i - a scroll of identify {unknown}
 l - 2 scrolls of noise {unknown}
 q - a scroll of teleportation {unknown}
Potions
 c - 2 potions of degeneration {unknown}
 d - 3 potions of flight {unknown}
 g - 3 potions of resistance {unknown}
 n - 2 potions of heal wounds {unknown}
 p - a potion of curing {unknown}


   Skills:
 + Level 2.7 Fighting
 + Level 3.6 Maces & Flails
 + Level 3.1 Dodging
 + Level 1.2 Stealth
 + Level 0.3 Shields


You had 3 spell levels left.
You didn't know any spells.
Your spell library was empty.

Dungeon Overview and Level Annotations

Branches:
Dungeon (3/15)

Altars:


Innate Abilities, Weirdness & Mutations

You are too large for most types of armour.
You have claws for hands.
Your natural rate of healing is unusually fast.
You are covered in fur. (AC +1)
You have tough skin. (AC +1)


Message History

You open the door. 2 gnolls come into view.
The gnoll shouts!
You hear a shout!
The gnoll barely misses you.
The gnoll hits you from afar with a +0 spear.
A gnoll comes into view. It is wielding a +0 club.
There is an open door, spattered with blood here.
The gnoll hits you with a +0 spear! The gnoll closely misses you.
The gnoll hits you with a +0 spear. You block the gnoll's attack.
There is an open door, spattered with blood here.
The gnoll hits you from afar with a +0 spear.
You hit the gnoll but do no damage. You block the gnoll's attack.
The gnoll hits you with a +0 spear. x2; You block the gnoll's attack.
There is an open door, spattered with blood here.
You block the gnoll's attack. The gnoll hits you with a +0 club.
The gnoll barely misses you. The gnoll hits you but does no damage.
You hit the gnoll but do no damage.
The gnoll hits you from afar with a +0 spear.
You block the gnoll's attack. The gnoll hits you with a +0 spear.
The gnoll hits you from afar with a +0 spear!
The gnoll hits you but does no damage. You block the gnoll's attack.
The gnoll hits you with a +0 club.
You hit the gnoll.
The gnoll is moderately wounded.
The gnoll hits you from afar with a +0 spear.
* * * LOW HITPOINT WARNING * * *
The gnoll hits you with a +0 club.
* * * LOW HITPOINT WARNING * * *
You hit the gnoll.
The gnoll is severely wounded.
The gnoll closely misses you.
The gnoll hits you from afar with a +0 spear!
* * * LOW HITPOINT WARNING * * *
You hit the gnoll.
The gnoll is severely wounded.
The gnoll hits you but does no damage.
The gnoll hits you from afar with a +0 spear.
You die...

########### #.........#
#####.........###.
#@.gg.........'...
#g##..........#...
#######
#.##..........#.##
#.....#
#>............#.#
#.....#
#####.........#..
#.....# #.........###
#.....# #.........#
#.....########'###.##..
#..............# ..#


You could see 3 gnolls.

Vanquished Creatures
  2 adders (D:2)
  4 worms (D:2)
  A dart slug (D:2)
  6 endoplasms
  3 giant cockroaches
  8 goblins
  6 hobgoblins
  3 jackals (D:1)
  2 kobolds (D:1)
  5 quokkas
  6 ball pythons
  2 bats
  A frilled lizard (D:1)
  6 rats
55 creatures vanquished.

Notes
Turn   | Place    | Note
-------+----------+-------------------------------------------
     0 | D:1      | issech the Troll Monk began the quest for the Orb.
     0 | D:1      | Reached XP level 1. HP: 22/22 MP: 0/0
   179 | D:1      | Reached XP level 2. HP: 29/29 MP: 1/1
   549 | D:1      | Reached XP level 3. HP: 35/36 MP: 2/2
   629 | D:1      | Found a faded altar of an unknown god.
  1485 | D:2      | Reached XP level 4. HP: 25/44 MP: 3/3
  2018 | D:3      | HP: 2/44 [gnoll/+0 spear (7)]
  2019 | D:3      | Slain by a gnoll

Illustrated notes

Levels and vault maps discovered:
D:1:      dpeg_arrival_rooms_b, layout_basic, shapermc_ecumenical_altar_venn
D:2:      layout_loops_corners
D:3:      layout_basic

Skill      XL: |  1  2  3 |
---------------+----------+-----
Maces & Flails | 3 |  3.6
Dodging        | 3 |  3.1
Fighting       | |  2.7
Stealth        | |  1.2
Shields        | |  0.3

Action                   |  1- 3 |  4- 6 || total
-------------------------+-------+-------++-------
Melee: Mace              |   135 |    36 ||   171
 Stab: Sleeping          |     3 |     1 ||     4
       Distracted        |       |     1 ||     1
Armor: Robe              |    50 |    12 ||    62
Dodge: Dodged            |    76 |    10 ||    86
Block: Kite shield       |    28 |    21 ||    49
